 Dungeon Crawl Stone Soup version 0.27-a0-1557-g57f10a385c (webtiles) character file.

Game seed: 17539266462047288334

245 Sin92 the Skirmisher (level 5, 0/42 HPs)
             Began as a Demonspawn Fighter on July 15, 2021.
             Slain by Crazy Yiuf (11 damage)
             ... on level 2 of the Dungeon.
             The game lasted 00:02:15 (2013 turns).

Sin92 the Skirmisher (Demonspawn Fighter)           Turns: 2013, Time: 00:02:16

Health: 0/42       AC: 26    Str: 17    XL:     5   Next: 84%
Magic:  5/5        EV:  3    Int: 10    God:
Gold:   132        SH:  9    Dex: 12    Spells: 4/4 levels left

rFire    . . .     SeeInvis .   a - +0 war axe
rCold    . . .     Faith    .   c - +0 kite shield
rNeg     . . .     Spirit   .   f - +15 Maxwell's patent armour {-Cast -Tele rElec Will+ rCorr}
rPois    .         Reflect  .   (no helmet)
rElec    +         Harm     .   (no cloak)
rCorr    +         Rampage  .   (no gloves)
Will     +....     NoTele   +   (no boots) Stlth ..........NoCast +
                                (no amulet)
HPRegen  0.14/turn              (no ring)
MPRegen  0.09/turn              (no ring)

@: hasted, very quick
A: talons 1, spiny 1
a: no special abilities


You were on level 2 of the Dungeon.
You visited 1 branch of the dungeon, and saw 2 of its levels.

You collected 132 gold pieces.

Inventory:

Hand Weapons
 a - a +0 war axe (weapon)
Armour
 b - a +0 scale mail
 c - a +0 kite shield (worn)
 f - the +15 Maxwell's patent armour (worn) {-Cast -Tele rElec Will+ rCorr}
   (You acquired it on level 1 of the Dungeon)

   rElec:     It insulates you from electricity.
   -Cast:     It prevents spellcasting.
   -Tele:     It prevents most forms of teleportation.
   rCorr:     It protects you from acid and corrosion.
   Will:      It increases your willpower.
Wands
 j - a wand of flame (4)
Scrolls
 e - 2 scrolls of identify {unknown}
 g - a scroll of holy word {unknown}
 h - a scroll of magic mapping {unknown}
Potions
 d - 2 potions of might
 i - a potion of heal wounds {unknown}


   Skills:
 + Level 4.0 Fighting
 + Level 2.9 Axes
 + Level 3.5 Armour
 + Level 2.0 Dodging
 + Level 3.6 Shields


You had 4 spell levels left.
You didn't know any spells.
Your spell library contained the following spells:

 Spells                   Type           Power      Damage    Failure   Level
 Gell's Gravitas          Tloc           0%         N/A       100%        3
 Teleport Other           Tloc           0%         N/A       100%        3
 Dispersal                Tloc           0%         N/A       100%        6


Dungeon Overview and Level Annotations

Branches:
Dungeon (2/15)

Altars:

Annotations:
D:2 Crazy Yiuf


Innate Abilities, Weirdness & Mutations

You have sharp toenails.
You are partially covered in sharp spines.


Message History

A kobold is nearby!
You miss the kobold.
The kobold is moderately wounded.
The kobold hits you but does no damage.
A kobold is nearby!
A kobold is nearby!
You slash the kobold!
You kill the kobold!
You see here a +0 hand axe.
Key pressed, stopping explore.
No target in view!
No target in view!
Crazy Yiuf shouts!
No reachable target in view!
Could not explore, unopened runed door.
No reachable target in view!
Could not explore, unopened runed door.
No reachable target in view!
Could not explore, unopened runed door.
No reachable target in view!
You open the door.
Crazy Yiuf screams, "Cake water action!"
You hit Crazy Yiuf.
Crazy Yiuf is lightly wounded.
Crazy Yiuf is struck by your spines.
Crazy Yiuf hits you but does no damage. x2
You feel yourself speed up.
You hit Crazy Yiuf but do no damage. Your kick misses Crazy Yiuf.
Crazy Yiuf is lightly wounded.
Crazy Yiuf is struck by your spines.
Crazy Yiuf hits you with a +3 quarterstaff of chaos!
Crazy Yiuf freezes you.
You hit Crazy Yiuf.
Crazy Yiuf is heavily wounded.
Crazy Yiuf is struck by your spines.
Crazy Yiuf hits you with a +3 quarterstaff of chaos!
* * * LOW HITPOINT WARNING * * *
You closely miss Crazy Yiuf.
Crazy Yiuf is heavily wounded.
Crazy Yiuf hits you with a +3 quarterstaff of chaos!
You die...

####♣♣ ### ##..#P♣♣ ♣♣#..)#
#.....P♣♣♣♣@g...#
##.....P.♣..♣#...# ##
#....#P.♣.♣♣♣ ###
.####...##♣♣♣♣♣ ###### ....#...#
#....####
.##.#...################.......#
........................>......#
.##......####[######.###.......#
.........#...........# #..†....#


You could see Crazy Yiuf.

Vanquished Creatures
  Sigmund (D:2)
  Jessica (D:2)
  A worm (D:2)
  3 dart slugs
  4 endoplasms
  2 giant cockroaches
  8 goblins
  9 hobgoblins
  A quokka (D:1)
  3 ball pythons
  8 bats
  5 frilled lizards
  5 kobolds
  3 rats
54 creatures vanquished.

Notes
Turn   | Place    | Note
-------+----------+-------------------------------------------
     0 | D:1      | Sin92 the Demonspawn Fighter began the quest for the Orb.
     0 | D:1      | Reached XP level 1. HP: 18/18 MP: 1/1
   461 | D:1      | Gained mutation: You are partially covered in sharp spines.
                  | [demonic ancestry]
   461 | D:1      | Reached XP level 2. HP: 24/24 MP: 2/2
  1052 | D:1      | Gained mutation: You have sharp toenails. [demonic
                  | ancestry]
  1052 | D:1      | Reached XP level 3. HP: 29/29 MP: 3/3
  1290 | D:2      | Reached skill level 1 in Dodging
  1311 | D:2      | Found a runed translucent door.
  1312 | D:2      | Noticed Crazy Yiuf
  1361 | D:2      | Found a faded altar of an unknown god.
  1524 | D:2      | Noticed Sigmund
  1540 | D:2      | Killed Sigmund
  1541 | D:2      | Reached XP level 4. HP: 13/37 MP: 4/4
  1541 | D:2      | Reached XP level 5. HP: 14/42 MP: 5/5
  1580 | D:1      | Identified a scroll of acquirement
  1580 | D:1      | Acquired the +15 Maxwell's patent armour {-Cast -Tele rElec
                  | Will+ rCorr}
  1581 | D:1      | Found the +15 Maxwell's patent armour {-Cast -Tele rElec
                  | Will+ rCorr}
  1783 | D:2      | Noticed Jessica
  1793 | D:2      | Killed Jessica
  1794 | D:2      | Reached skill level 4 in Fighting
  2013 | D:2      | Slain by Crazy Yiuf

Illustrated notes

Levels and vault maps discovered:
D:1:      erik_arrival_cave_to_civilisation [erik_arrival_cave_to_hall],
          layout_basic
D:2:      layout_rooms, shapermc_ecumenical_altar_starsandcircs,
          minmay_circle_x, uniq_sigmund, uniq_jessica, uniq_crazy_yiuf_cottage

Skill      XL: |  1  2  3  4  5 |
---------------+----------------+-----
Axes           | 2 |  2.9
Armour         | 3 |  3.5
Shields        | 3 |  3.6
Dodging        | 1 2 |  2.0
Fighting       | 4 |  4.0

Action                   |  1- 3 |  4- 6 || total
-------------------------+-------+-------++-------
Melee: War axe           |    80 |    21 ||   101
       Kick              |    10 |     3 ||    13
  Use: Potion            |     1 |       ||     1
       Scroll            |       |     3 ||     3
Armor: Scale mail        |    31 |     2 ||    33
       Plate armour      |       |     8 ||     8
Dodge: Dodged            |    25 |     3 ||    28
Block: Kite shield       |    29 |    12 ||    41

Table legend: (Time is in decaauts)
 A = Elapsed time spent in this place.
 B = Non-inter-level travel time spent in this place.
 C = Inter-level travel time spent in this place.
 D = Time resting spent in this place.
 E = Time spent auto-exploring this place.
 F = Levels seen in this place.
 G = Mean time per level.
                   A        B        C        D        E       F      G
               +--------+--------+--------+--------+--------+-----+--------+
         Total |   2075 |   2052 |     23 |    184 |   1520 |   2 | 1037.5 |
       Dungeon |   2075 |   2052 |     23 |    184 |   1520 |   2 | 1037.5 |
               +--------+--------+--------+--------+--------+-----+--------+

Top non-repeatable levels by time:
     D:1: 1461 daAuts
     D:2: 614 daAuts
